Map: 2000 Atmospheres LE

Players

souL

  • Race: Terran Terran

Serral - Winner!

  • Race: Zerg Zerg

Event: DreamHack SC2 Masters 2021 Fall

VOD

Have the link to the VOD?

Description

Time

  • Played on: Aug. 1, 2021, 12:37 p.m.
  • Length: 11:43

All games in this series

Show
View Real Time Build Order
Export as new Build Order

souL Terran 

Build Orders:  

Get SALT Encoding   

  12  0:00  SCV  
  13  0:12  SCV  
  14  0:17  Supply Depot  
  14  0:24  SCV  
  15  0:40  Barracks  
  15  0:50  Barracks  
  15  0:55  SCV  
  16  1:07  SCV  
  16  1:09  Refinery  
  17  1:20  SCV  
  18  1:26  Marine  
  18  1:32  Orbital Command  
  19  1:37  Supply Depot  
  19  1:38  Marine  
  20  1:44  Marine  
  21  1:58  SCV  
  22  2:10  SCV  
  22  2:11  Factory  
  23  2:22  SCV  
  24  2:32  Command Center  
  24  2:35  SCV  
  25  2:47  SCV  
  26  2:52  Refinery  
  26  2:59  SCV, Factory Reactor  
  26  3:01  Bunker  
  27  3:06  Starport  
  27  3:11  SCV  
  28  3:26  Command Center  
  28  3:30  SCV  
  29  3:36  Hellion  
  31  3:43  Hellion  
  31  3:47  Viking  
  35  3:51  SCV  
  36  3:58  Hellion  
  39  4:05  Hellion  
  39  4:06  Orbital Command  
  39  4:09  SCV  
  41  4:18  Liberator  
  41  4:22  SCV  
  45  4:29  Barracks Tech Lab  
  45  4:32  SCV  
  45  4:37  SCV, Supply Depot  
  47  4:40  Orbital Command  
  47  4:41  Barracks Reactor  
  47  4:45  Hellion  
  49  4:47  Hellion  
  49  4:48  SCV  
  52  4:53  SCV  
  52  4:54  Marine, Stimpack  
  54  5:00  SCV  
  54  5:03  Liberator  
  54  5:05  SCV  
  54  5:07  SCV  
  60  5:11  Supply Depot  
  60  5:12  Marine  
  60  5:13  SCV  
  62  5:17  Hellion x2  
  62  5:18  SCV  
  62  5:20  Marine  
  62  5:21  Marine  
  69  5:31  Supply Depot  
  69  5:32  SCV  
  69  5:33  Marine  
  69  5:34  Supply Depot  
  69  5:35  SCV  
  72  5:36  SCV  
  73  5:44  SCV  
  73  5:45  Engineering Bay  
  73  5:46  Engineering Bay  
  73  5:47  SCV  
  75  5:50  Factory Tech Lab, Starport Reactor  
  75  5:51  Refinery x2  
  75  5:52  SCV  
  75  5:54  Marine  
  75  5:55  Marine  
  75  5:56  SCV  
  79  5:59  SCV  
  79  6:00  Marine  
  81  6:06  Orbital Command  
  81  6:08  SCV  
  81  6:09  Medivac x2  
  89  6:11  SCV, Siege Tank  
  89  6:12  Marine x2  
  89  6:18  Supply Depot  
  92  6:19  Marine, Supply Depot  
  93  6:39  Marine x3, SCV x3  
  99  6:51  SCV x2, Supply Depot  
  98  6:57  Marine x3  
  98  6:58  Siege Tank  
  98  7:00  Terran Infantry Armor Level 1  
  98  7:01  Terran Infantry Weapons Level 1  
  100  7:04  SCV  
  100  7:05  SCV, Barracks, Starport Reactor  
  100  7:06  Barracks  
  100  7:07  Barracks  
  101  7:09  SCV  
  101  7:11  Combat Shield  
  101  7:14  Marine  
  103  7:16  SCV  
  103  7:17  SCV  
  103  7:21  Marine, SCV  
  107  7:27  Marine  
  107  7:28  SCV  
  103  7:32  Marine, SCV  
  103  7:35  SCV  
  96  7:39  Marine  
  96  7:40  SCV  
  96  7:44  SCV, Bunker, Missile Turret x3  
  98  7:45  Marine  
  98  7:46  Medivac x2, Siege Tank  
  98  7:47  SCV  
  98  7:50  Marine  
  109  7:54  Supply Depot x2  
  109  7:55  SCV  
  109  7:56  SCV  
  109  7:57  Marine  
  109  7:58  Marine  
  113  8:01  Barracks Reactor  
  113  8:03  Marine  
  113  8:04  Barracks Reactor  
  115  8:08  Marine  
  115  8:13  Command Center  
  115  8:14  Refinery  
  115  8:15  Marine x2  
  115  8:16  Marine, Medivac  
  120  8:21  Marine  
  120  8:23  Factory  
  120  8:24  Widow Mine  
  120  8:26  Marine  
  124  8:30  Supply Depot x2  
  124  8:33  Marine x2  
  125  8:39  Armory  
  124  8:42  Marine x3  
  124  8:44  Marine x3, SCV  
  124  8:45  SCV  
  124  8:47  SCV  
  132  8:49  Barracks Tech Lab  
  132  8:51  Marine  
  132  8:52  Supply Depot x2  
  132  8:53  Medivac  
  132  8:55  Marine  
  136  8:56  SCV  
  136  8:59  Widow Mine  
  139  9:04  SCV  
  139  9:05  Medivac  
  139  9:08  Concussive Shells, Factory Reactor  
  142  9:10  Marine, Marauder  
  142  9:11  Marine x4  
  142  9:15  Marine x2  
  142  9:16  Supply Depot  
  142  9:17  Marine  
  151  9:20  Widow Mine  
  152  9:27  Marine  
  153  9:32  Marauder  
  155  9:41  Thor  
  155  9:42  Marine  
  155  9:44  Marine x2  
  155  9:45  Marine x3  
  154  9:47  Marine x2, Widow Mine x2  
  154  9:52  Marine  
  157  9:57  Planetary Fortress  
  158  10:00  Marine  
  158  10:02  Marine x5, SCV x2, Barracks x2  
  158  10:04  SCV, Barracks  
  167  10:09  Widow Mine x2, Medivac  
  173  10:14  SCV x2  
  173  10:19  Missile Turret  
  173  10:20  SCV, Sensor Tower  
  176  10:24  Widow Mine  
  176  10:27  Sensor Tower  
  178  10:30  Widow Mine  
  178  10:32  Widow Mine  
  182  10:42  SCV  
  158  10:43  Marine  
  158  10:44  Marine, SCV  
  158  10:45  Widow Mine  
  158  10:46  Marine, SCV  
  146  10:51  Widow Mine  
  146  10:52  Barracks Tech Lab  
  148  11:02  Command Center  
  146  11:06  SCV  
  146  11:07  SCV  
  148  11:16  Sensor Tower  
  148  11:18  Sensor Tower  
  148  11:21  Widow Mine  
  125  11:35  Barracks Tech Lab x2  
Show
View Real Time Build Order
Export as new Build Order

Serral Zerg - Winner!

Build Orders: Pool First, Muta Ling Bane 

Get SALT Encoding   

  12  0:00  Drone  
  13  0:11  Overlord  
  13  0:16  Drone  
  14  0:30  Drone x2  
  16  0:40  Spawning Pool  
  15  0:43  Drone  
  15  0:47  Drone  
  17  1:07  Hatchery  
  17  1:10  Drone  
  17  1:27  Zergling x6  
  17  1:29  Queen  
  17  1:31  Extractor  
  21  1:38  Overlord  
  21  1:49  Drone  
  22  1:57  Spine Crawler  
  22  2:05  Queen  
  24  2:19  Overlord  
  24  2:20  Queen, Drone  
  24  2:21  Drone  
  27  2:30  Drone  
  27  2:31  Drone  
  29  2:41  Drone  
  29  2:43  Drone  
  31  2:50  Drone x2  
  31  2:51  Drone  
  34  2:52  Drone  
  34  2:54  Drone  
  34  2:56  Metabolic Boost  
  36  3:10  Hatchery  
  35  3:14  Overlord  
  35  3:17  Drone  
  35  3:18  Drone  
  37  3:20  Drone  
  37  3:22  Drone  
  37  3:24  Drone  
  37  3:26  Drone  
  41  3:30  Drone x2  
  43  3:36  Queen  
  45  3:41  Queen  
  45  3:45  Overlord  
  45  3:46  Drone  
  48  3:49  Drone  
  48  3:50  Drone  
  48  3:52  Drone  
  48  3:54  Overlord  
  51  4:04  Drone x3  
  51  4:05  Drone  
  51  4:06  Overlord  
  51  4:09  Baneling Nest  
  54  4:11  Drone  
  54  4:12  Drone  
  56  4:18  Queen  
  56  4:20  Drone  
  56  4:21  Drone x2  
  61  4:26  Zergling x6  
  61  4:29  Queen  
  66  4:35  Zergling x2  
  66  4:36  Overlord  
  66  4:37  Drone  
  68  4:42  Overlord  
  68  4:43  Drone x4  
  72  4:48  Lair  
  72  4:51  Overlord  
  72  4:53  Zergling x2, Drone  
  72  4:54  Drone x2  
  72  4:55  Drone  
  72  4:59  Extractor  
  76  5:01  Extractor  
  76  5:02  Extractor  
  76  5:03  Overlord  
  74  5:07  Zergling x2  
  74  5:08  Extractor x2, Drone x6  
  79  5:15  Spore Crawler  
  79  5:16  Spore Crawler, Overlord  
  79  5:18  Zergling x2  
  79  5:20  Zergling x4  
  80  5:21  Drone  
  81  5:30  Drone x4  
  81  5:33  Drone x2  
  87  5:41  Hatchery, Overlord  
  87  5:42  Drone x4  
  89  5:44  Overlord  
  89  5:52  Spire  
  89  5:53  Drone x2  
  89  5:56  Centrifical Hooks  
  90  5:57  Overseer  
  90  6:01  Drone x3  
  93  6:05  Drone x3  
  93  6:08  Drone  
  93  6:09  Drone x3  
  100  6:13  Zergling x8  
  100  6:16  Baneling x5  
  100  6:17  Baneling  
  104  6:21  Zergling x6  
  107  6:31  Zergling x4  
  109  6:34  Overlord  
  109  6:37  Drone x2  
  106  6:43  Drone  
  106  6:45  Drone x2  
  105  6:48  Queen  
  105  6:50  Zergling x12  
  111  6:56  Queen  
  111  6:58  Drone x2  
  111  6:59  Overlord  
  115  7:08  Mutalisk x4  
  115  7:13  Mutalisk x3  
  128  7:15  Baneling x2  
  128  7:18  Overseer  
  128  7:20  Mutalisk x4  
  136  7:23  Evolution Chamber x2  
  128  7:35  Mutalisk x4  
  127  7:43  Drone x7  
  134  7:52  Zerg Melee Weapons Level 1  
  134  7:53  Overlord  
  134  7:54  Drone x6  
  134  7:56  Zerg Ground Armor Level 1  
  140  7:59  Zerg Flyer Weapons Level 1  
  140  8:00  Overlord  
  140  8:02  Extractor  
  139  8:08  Pneumatized Carapace  
  139  8:11  Drone x6  
  139  8:12  Drone  
  146  8:14  Baneling x2, Hatchery  
  146  8:15  Baneling  
  146  8:16  Overlord  
  145  8:20  Overlord  
  145  8:22  Mutalisk x2  
  145  8:26  Zergling x10  
  154  8:30  Zergling x6  
  154  8:33  Burrow  
  157  8:35  Zergling x4  
  157  8:38  Drone  
  157  8:39  Spore Crawler, Drone  
  160  8:46  Mutalisk x3  
  160  8:48  Zergling x14, Overseer  
  169  8:54  Overlord x2  
  169  8:56  Drone x3, Infestation Pit  
  169  9:02  Drone x2  
  173  9:03  Baneling x2  
  173  9:09  Zergling x4, Overlord  
  175  9:22  Zergling x22  
  175  9:23  Zergling x6  
  189  9:26  Baneling  
  189  9:27  Baneling x13  
  189  9:29  Queen  
  190  9:40  Spore Crawler  
  178  9:47  Zergling x26  
  187  10:01  Hive  
  187  10:02  Zergling x2  
  187  10:03  Zergling x24  
  200  10:08  Baneling x13  
  199  10:18  Baneling x7  
  199  10:21  Spine Crawler  
  199  10:26  Extractor  
  199  10:27  Drone x2  
  196  10:37  Hatchery  
  196  10:41  Zergling x22  
  196  10:42  Zergling x16  
  192  10:49  Zergling x12  
  182  10:52  Zergling x8  
  184  10:58  Baneling x18  
  184  11:03  Drone  
  185  11:04  Zergling x28  
  185  11:09  Baneling x10  
  199  11:17  Ultralisk Cavern  

Tags
 
Add a new tag
Caveats
  • Supply blocks, unpowered buildings, or Contaminate may cause inaccurate times.
  • Supply counts are checked every 10 seconds.